General information
- name: BNet
- type: Ladder team game (AT/RT)
- host: Battle.net
- saver: ScroobTube
map: SilverpineForest
- players: 6
- length: 31:06
- speed: Fast
- version: 1.26 W3XP
- replay type: Public
» download(220 KB)
Players
team 1 (loser)
bonchis (
pink | 41 APM | 1281 actions | 31:03)
5 Blademaster
2 Wind Walk
3 Critical Strike
4 Shadow Hunter
2 Healing Wave
2 Serpent Ward
» actions
| Assign group hotkey | 1 | |
| Basic commands | 104 | |
| Build / train | 75 | |
| Enter build submenu | 15 | |
| Enter hero's abilities submenu | 9 | |
| Right click | 682 | |
| Select / deselect | 350 | |
| Use ability | 45 | |
1281 total
» units
| Peon | 9 | |
| Grunt | 10 | |
| Shaman | 18 | |
| Tauren | 9 | |
| Troll Headhunter/Berserker | 3 | |
| Goblin Zeppelin | 1 | |
50 total
» upgrades
| Pillage | 1 | |
| Melee Weapons | 2 | |
| Armor | 1 | |
| Berserker Strength | 1 | |
| Shaman Training | 2 | |
| Pulverize | 1 | |
| Troll Regeneration | 1 | |
9 total
» buildings
| Orc Burrow | 7 | |
| Altar of Storms | 1 | |
| Barracks | 2 | |
| War Mill | 1 | |
| Stronghold | 2 | |
| Fortress | 1 | |
| Spirit Lodge | 1 | |
| Tauren Totem | 1 | |
16 total
» build order
00:05 Orc Burrow
00:25 Altar of Storms
00:43 Barracks
02:08 War Mill
02:25 Orc Burrow
04:02 Stronghold
04:34 Barracks
05:21 Stronghold
06:07 Orc Burrow
06:09 Orc Burrow
08:19 Fortress
10:15 Spirit Lodge
12:09 Tauren Totem
14:14 Orc Burrow
14:56 Orc Burrow
27:44 Orc Burrow
» items
| Potion of Invisibility | 1 | |
| Scroll of Healing | 1 | |
2 total
evelyn08 (
green | 14 APM | 445 actions | 30:59)
2 Demon Hunter
1 Mana Burn
1 Evasion
» actions
| Assign group hotkey | 6 | |
| Build / train | 73 | |
| Enter build submenu | 21 | |
| Enter hero's abilities submenu | 2 | |
| Remove unit from queue | 1 | |
| Right click | 79 | |
| Select / deselect | 200 | |
| Select group hotkey | 30 | |
| Use ability | 33 | |
445 total
» units
| Wisp | 10 | |
| Chimaera | 45 | |
| Hippogryph | 5 | |
60 total
» upgrades
| Strength of the Wild | 3 | |
| Reinforced Hides | 3 | |
| Corrosive Breath | 1 | |
7 total
» buildings
| Altar of Elders | 1 | |
| Moon Well | 9 | |
| Tree of Ages | 1 | |
| Hunter's Hall | 1 | |
| Tree of Eternity | 1 | |
| Ancient of Wind | 1 | |
| Chimaera Roost | 3 | |
| Ancient Protector | 1 | |
18 total
» build order
00:02 Altar of Elders
00:29 Moon Well
01:38 Tree of Ages
02:07 Hunter's Hall
02:20 Moon Well
03:19 Moon Well
04:04 Tree of Eternity
04:36 Ancient of Wind
05:15 Moon Well
06:27 Chimaera Roost
06:42 Chimaera Roost
07:31 Chimaera Roost
09:53 Moon Well
11:01 Moon Well
11:56 Moon Well
12:37 Moon Well
16:00 Moon Well
17:38 Ancient Protector
lachilindrina07 (
orange | 76 APM | 2343 actions | 30:49)
7 Demon Hunter
3 Immolation
2 Mana Burn
1 Metamorphosis
1 Evasion
» actions
| Assign group hotkey | 153 | |
| Basic commands | 122 | |
| Build / train | 109 | |
| ESC pressed | 7 | |
| Enter build submenu | 33 | |
| Enter hero's abilities submenu | 6 | |
| Give item / drop item | 1 | |
| Right click | 888 | |
| Select / deselect | 433 | |
| Select group hotkey | 541 | |
| Use ability | 49 | |
2343 total
» units
| Wisp | 48 | |
| Huntress | 13 | |
| Hippogryph | 13 | |
| Chimaera | 3 | |
77 total
» upgrades
| Strength of the Moon | 3 | |
| Moon Armor | 3 | |
| Strength of the Wild | 4 | |
| Reinforced Hides | 4 | |
| Upgrade Moon Glaive | 1 | |
| Corrosive Breath | 1 | |
16 total
» buildings
| Altar of Elders | 1 | |
| Moon Well | 6 | |
| Hunter's Hall | 1 | |
| Ancient of War | 2 | |
| Ancient Protector | 10 | |
| Tree of Life | 3 | |
| Tree of Ages | 2 | |
| Tree of Eternity | 1 | |
| Ancient of Wind | 4 | |
| Chimaera Roost | 4 | |
34 total
» build order
00:09 Altar of Elders
00:18 Moon Well
01:27 Hunter's Hall
01:45 Moon Well
02:10 Ancient of War
02:39 Ancient of War
03:26 Moon Well
03:41 Ancient Protector
03:46 Moon Well
03:59 Ancient Protector
05:04 Tree of Life
05:13 Moon Well
06:19 Moon Well
07:22 Tree of Ages
08:41 Tree of Life
10:06 Ancient Protector
10:08 Ancient Protector
10:14 Ancient Protector
10:54 Tree of Ages
10:58 Ancient Protector
13:15 Tree of Eternity
13:17 Ancient of Wind
13:23 Ancient of Wind
14:02 Ancient of Wind
14:04 Ancient of Wind
14:41 Ancient Protector
14:42 Ancient Protector
14:43 Ancient Protector
23:56 Tree of Life
25:00 Chimaera Roost
26:22 Chimaera Roost
26:24 Chimaera Roost
26:25 Chimaera Roost
29:08 Ancient Protector
» items
| Periapt of Vitality | 1 | |
| Potion of Lesser Invulnerability | 1 | |
2 total
team 2 (winner)
AlasPoorHoratio (
purple | 107 APM | 3327 actions | 31:04)
4 Warden
2 Shadow Strike
2 Blink
1 Goblin Tinker
1 Pocket Factory
» actions
| Assign group hotkey | 3 | |
| Basic commands | 145 | |
| Build / train | 65 | |
| Enter build submenu | 21 | |
| Enter hero's abilities submenu | 5 | |
| Give item / drop item | 8 | |
| Right click | 1917 | |
| Select / deselect | 242 | |
| Select group hotkey | 822 | |
| Use ability | 94 | |
3327 total
» units
| Wisp | 38 | |
| Druid of the Talon | 1 | |
| Goblin Zeppelin | 2 | |
41 total
» upgrades
| Nature's Blessing | 1 | |
| Ultravision | 1 | |
| Well Spring | 1 | |
| Druid of the Talon Training | 1 | |
4 total
» buildings
| Altar of Elders | 2 | |
| Moon Well | 9 | |
| Tree of Life | 1 | |
| Tree of Ages | 1 | |
| Hunter's Hall | 1 | |
| Ancient of Wonders | 2 | |
| Tree of Eternity | 1 | |
| Ancient of Wind | 1 | |
18 total
» build order
00:06 Altar of Elders
00:10 Altar of Elders
00:20 Moon Well
01:26 Moon Well
01:29 Moon Well
03:18 Moon Well
06:22 Tree of Life
06:27 Moon Well
07:47 Tree of Ages
08:24 Hunter's Hall
09:35 Ancient of Wonders
11:32 Tree of Eternity
14:35 Ancient of Wonders
17:46 Moon Well
17:47 Moon Well
17:56 Ancient of Wind
18:13 Moon Well
19:56 Moon Well
» items
| Staff of Teleportation | 2 | |
| Boots of Speed | 2 | |
| Orb of Venom | 2 | |
| Moonstone | 1 | |
| Hood of Cunning | 1 | |
| Cloak of Flames | 1 | |
| Claws of Attack +12 | 1 | |
10 total
iggy_the_fisk (
yellow | 136 APM | 4231 actions | 31:04)
5 Archmage
3 Blizzard
2 Brilliance Aura
4 Blood Mage
2 Flame Strike
2 Siphon Mana
2 Pit Lord
1 Rain of Fire
1 Cleaving Attack
» actions
| Assign group hotkey | 697 | |
| Basic commands | 30 | |
| Build / train | 159 | |
| Enter build submenu | 106 | |
| Enter hero's abilities submenu | 11 | |
| Give item / drop item | 13 | |
| Remove unit from queue | 8 | |
| Right click | 1706 | |
| Select / deselect | 506 | |
| Select group hotkey | 738 | |
| Use ability | 257 | |
4231 total
» units
| Peasant | 33 | |
| Dragonhawk Rider | 2 | |
35 total
» upgrades
| Masonry | 3 | |
| Lumber Harvesting | 2 | |
| Magic Sentry | 1 | |
| Swords | 3 | |
| Armor | 3 | |
| Animal War Training | 1 | |
13 total
» buildings
| Altar of Kings | 1 | |
| Farm | 5 | |
| Lumber Mill | 1 | |
| Scout Tower | 105 | |
| Arcane Tower | 6 | |
| Guard Tower | 56 | |
| Arcane Vault | 2 | |
| Keep | 1 | |
| Arcane Sanctum | 1 | |
| Town Hall | 3 | |
| Castle | 1 | |
| Gryphon Aviary | 1 | |
| Barracks | 1 | |
| Blacksmith | 1 | |
185 total
» build order
00:03 Altar of Kings
00:34 Farm
00:56 Farm
01:25 Lumber Mill
01:34 Scout Tower
01:55 Scout Tower
02:05 Arcane Tower
02:05 Arcane Tower
02:06 Arcane Tower
02:21 Scout Tower
02:38 Guard Tower
03:01 Guard Tower
03:39 Scout Tower
03:50 Scout Tower
04:00 Arcane Vault
04:04 Scout Tower
04:06 Keep
04:15 Guard Tower
04:19 Guard Tower
04:23 Farm
04:40 Guard Tower
04:44 Scout Tower
05:18 Guard Tower
05:19 Scout Tower
05:21 Scout Tower
05:29 Scout Tower
06:05 Guard Tower
06:06 Scout Tower
06:29 Guard Tower
06:30 Scout Tower
06:31 Scout Tower
06:39 Scout Tower
06:40 Guard Tower
06:40 Guard Tower
07:24 Scout Tower
07:28 Scout Tower
07:29 Guard Tower
07:33 Arcane Sanctum
08:26 Guard Tower
08:28 Scout Tower
09:04 Farm
09:11 Town Hall
09:12 Scout Tower
09:13 Scout Tower
09:17 Scout Tower
09:17 Scout Tower
09:18 Scout Tower
09:18 Scout Tower
09:19 Scout Tower
09:20 Scout Tower
09:44 Guard Tower
09:46 Guard Tower
10:03 Scout Tower
10:04 Scout Tower
10:25 Guard Tower
10:30 Guard Tower
10:34 Scout Tower
10:37 Scout Tower
10:38 Guard Tower
10:38 Guard Tower
10:53 Guard Tower
10:58 Scout Tower
11:07 Guard Tower
11:14 Guard Tower
11:14 Guard Tower
11:15 Guard Tower
11:15 Guard Tower
11:15 Guard Tower
11:16 Guard Tower
11:35 Guard Tower
11:41 Scout Tower
11:44 Scout Tower
11:45 Guard Tower
11:55 Scout Tower
11:56 Scout Tower
12:18 Guard Tower
12:20 Scout Tower
12:21 Scout Tower
12:33 Castle
12:46 Scout Tower
12:47 Scout Tower
12:48 Guard Tower
12:51 Scout Tower
12:52 Scout Tower
13:11 Guard Tower
13:17 Guard Tower
13:31 Scout Tower
13:31 Scout Tower
13:35 Guard Tower
14:08 Guard Tower
14:09 Scout Tower
14:10 Scout Tower
14:27 Guard Tower
14:28 Scout Tower
14:29 Scout Tower
14:47 Gryphon Aviary
15:08 Guard Tower
15:10 Scout Tower
15:11 Scout Tower
15:42 Guard Tower
15:43 Scout Tower
15:44 Scout Tower
16:07 Guard Tower
16:08 Scout Tower
16:09 Scout Tower
17:45 Barracks
17:46 Blacksmith
18:19 Town Hall
18:22 Scout Tower
18:22 Scout Tower
18:38 Scout Tower
18:39 Scout Tower
18:42 Scout Tower
18:43 Scout Tower
18:43 Scout Tower
18:44 Guard Tower
18:46 Guard Tower
18:51 Scout Tower
18:52 Scout Tower
19:08 Guard Tower
19:37 Guard Tower
19:53 Scout Tower
19:54 Scout Tower
19:56 Guard Tower
20:00 Town Hall
20:05 Scout Tower
20:06 Scout Tower
20:06 Scout Tower
20:07 Scout Tower
20:07 Scout Tower
20:08 Scout Tower
20:10 Scout Tower
20:10 Scout Tower
20:11 Scout Tower
20:11 Scout Tower
20:12 Scout Tower
20:12 Scout Tower
20:16 Arcane Vault
20:30 Farm
20:35 Guard Tower
20:37 Scout Tower
20:38 Scout Tower
20:39 Scout Tower
20:40 Scout Tower
20:40 Scout Tower
21:19 Scout Tower
21:20 Scout Tower
21:21 Guard Tower
21:49 Guard Tower
22:56 Guard Tower
22:56 Guard Tower
23:14 Scout Tower
23:19 Scout Tower
23:42 Scout Tower
23:43 Scout Tower
23:44 Guard Tower
23:53 Scout Tower
23:54 Scout Tower
23:55 Scout Tower
23:56 Scout Tower
23:57 Guard Tower
25:44 Guard Tower
25:52 Scout Tower
25:52 Scout Tower
26:25 Scout Tower
26:26 Scout Tower
26:27 Scout Tower
26:27 Scout Tower
26:29 Scout Tower
26:29 Scout Tower
26:30 Scout Tower
26:52 Guard Tower
26:55 Scout Tower
27:48 Arcane Tower
30:04 Arcane Tower
30:06 Scout Tower
30:08 Scout Tower
» items
| Scroll of Regeneration | 8 | |
| Boots of Speed | 3 | |
| Staff of Teleportation | 3 | |
| Staff of Sanctuary | 2 | |
| Scroll of Town Portal | 4 | |
| Warsong Battle Drums | 1 | |
| Orb of Venom | 1 | |
| Legion Doom-Horn | 1 | |
| Ancient Janggo of Endurance | 1 | |
| Potion of Healing | 1 | |
25 total
ScroobTube (
blue | 111 APM | 3460 actions | 31:06)
4 Mountain King
2 Storm Bolt
2 Bash
3 Pandaren Brewmaster
2 Breath of Fire
1 Drunken Haze
2 Paladin
1 Holy Light
1 Divine Shield
» actions
| Assign group hotkey | 180 | |
| Basic commands | 22 | |
| Build / train | 241 | |
| ESC pressed | 11 | |
| Enter build submenu | 124 | |
| Enter hero's abilities submenu | 10 | |
| Give item / drop item | 9 | |
| Remove unit from queue | 5 | |
| Right click | 1292 | |
| Select / deselect | 702 | |
| Select group hotkey | 562 | |
| Use ability | 297 | |
3460 total
» units
| Peasant | 20 | |
| Dragonhawk Rider | 15 | |
| Gryphon Rider | 1 | |
36 total
» upgrades
| Masonry | 3 | |
| Lumber Harvesting | 2 | |
| Magic Sentry | 1 | |
| Cloud | 1 | |
| Swords | 3 | |
| Armor | 3 | |
13 total
» buildings
| Altar of Kings | 1 | |
| Farm | 5 | |
| Lumber Mill | 1 | |
| Scout Tower | 121 | |
| Arcane Tower | 4 | |
| Guard Tower | 131 | |
| Arcane Vault | 1 | |
| Keep | 3 | |
| Town Hall | 2 | |
| Castle | 1 | |
| Arcane Sanctum | 1 | |
| Gryphon Aviary | 1 | |
| Barracks | 1 | |
| Blacksmith | 1 | |
274 total
» build order
00:02 Altar of Kings
00:03 Farm
00:34 Lumber Mill
00:44 Scout Tower
01:12 Arcane Tower
01:12 Arcane Tower
01:13 Arcane Tower
01:17 Scout Tower
01:19 Scout Tower
01:24 Scout Tower
01:33 Farm
01:47 Scout Tower
01:50 Scout Tower
01:53 Scout Tower
02:08 Guard Tower
02:09 Guard Tower
02:18 Guard Tower
02:22 Scout Tower
02:23 Scout Tower
02:26 Scout Tower
02:33 Arcane Vault
02:34 Guard Tower
02:34 Guard Tower
02:36 Scout Tower
02:37 Scout Tower
02:49 Guard Tower
02:49 Guard Tower
02:49 Guard Tower
03:01 Scout Tower
03:02 Scout Tower
03:04 Guard Tower
03:04 Guard Tower
03:04 Guard Tower
03:14 Scout Tower
03:15 Scout Tower
03:22 Guard Tower
03:22 Guard Tower
03:33 Scout Tower
03:34 Scout Tower
03:37 Guard Tower
03:37 Guard Tower
03:37 Guard Tower
03:44 Farm
03:47 Guard Tower
03:47 Guard Tower
03:49 Scout Tower
03:49 Scout Tower
04:12 Scout Tower
04:13 Scout Tower
04:16 Guard Tower
04:16 Guard Tower
04:16 Guard Tower
04:18 Guard Tower
04:19 Guard Tower
04:19 Guard Tower
04:22 Scout Tower
04:26 Scout Tower
04:31 Scout Tower
04:46 Keep
04:46 Keep
04:46 Keep
04:53 Guard Tower
04:53 Guard Tower
04:54 Guard Tower
04:54 Guard Tower
05:00 Guard Tower
05:00 Guard Tower
05:00 Guard Tower
05:00 Guard Tower
05:10 Guard Tower
05:11 Guard Tower
05:11 Guard Tower
05:11 Guard Tower
05:18 Guard Tower
05:19 Guard Tower
05:19 Guard Tower
05:29 Guard Tower
05:30 Guard Tower
05:53 Scout Tower
05:54 Scout Tower
05:58 Scout Tower
06:00 Scout Tower
06:07 Town Hall
06:08 Scout Tower
06:09 Scout Tower
06:13 Scout Tower
06:13 Scout Tower
06:26 Scout Tower
06:31 Guard Tower
06:31 Guard Tower
06:35 Farm
06:40 Guard Tower
06:41 Guard Tower
06:44 Guard Tower
06:49 Scout Tower
06:50 Scout Tower
07:12 Scout Tower
07:13 Scout Tower
07:18 Scout Tower
07:19 Scout Tower
07:21 Scout Tower
07:23 Scout Tower
07:27 Castle
07:44 Guard Tower
07:45 Guard Tower
07:48 Scout Tower
07:49 Scout Tower
07:50 Guard Tower
07:50 Guard Tower
07:57 Guard Tower
08:04 Guard Tower
08:04 Guard Tower
08:06 Scout Tower
08:07 Scout Tower
08:25 Guard Tower
08:26 Guard Tower
08:30 Scout Tower
08:31 Scout Tower
08:56 Scout Tower
08:58 Scout Tower
09:32 Scout Tower
09:32 Scout Tower
09:38 Town Hall
09:39 Guard Tower
09:40 Guard Tower
09:47 Scout Tower
09:48 Scout Tower
09:49 Scout Tower
09:50 Scout Tower
09:50 Scout Tower
09:51 Scout Tower
10:03 Scout Tower
10:04 Scout Tower
10:05 Guard Tower
10:05 Guard Tower
10:27 Guard Tower
10:28 Guard Tower
10:28 Guard Tower
10:32 Arcane Sanctum
10:33 Gryphon Aviary
10:39 Scout Tower
10:40 Scout Tower
10:40 Guard Tower
10:41 Guard Tower
10:41 Guard Tower
10:46 Guard Tower
10:46 Guard Tower
11:05 Guard Tower
11:06 Guard Tower
11:22 Guard Tower
11:22 Guard Tower
11:25 Scout Tower
11:26 Scout Tower
11:27 Scout Tower
11:33 Scout Tower
11:34 Scout Tower
11:35 Scout Tower
11:35 Scout Tower
11:36 Guard Tower
11:36 Guard Tower
11:37 Guard Tower
11:58 Guard Tower
11:59 Guard Tower
11:59 Guard Tower
12:02 Scout Tower
12:03 Scout Tower
12:06 Scout Tower
12:07 Guard Tower
12:35 Barracks
12:37 Blacksmith
12:49 Scout Tower
12:50 Scout Tower
12:52 Scout Tower
12:54 Guard Tower
12:55 Guard Tower
12:55 Guard Tower
13:07 Farm
13:22 Scout Tower
13:24 Scout Tower
13:25 Scout Tower
13:27 Guard Tower
13:27 Guard Tower
14:13 Guard Tower
14:15 Scout Tower
14:16 Scout Tower
15:12 Scout Tower
15:12 Scout Tower
15:13 Guard Tower
15:14 Scout Tower
15:15 Scout Tower
15:44 Scout Tower
15:45 Scout Tower
15:46 Scout Tower
15:47 Scout Tower
15:48 Scout Tower
15:51 Guard Tower
15:57 Scout Tower
15:58 Scout Tower
15:59 Scout Tower
16:00 Scout Tower
16:00 Scout Tower
16:00 Scout Tower
17:37 Guard Tower
17:37 Guard Tower
17:40 Scout Tower
17:41 Scout Tower
17:42 Scout Tower
18:06 Guard Tower
18:06 Guard Tower
18:06 Guard Tower
18:35 Guard Tower
18:36 Scout Tower
18:37 Scout Tower
18:38 Scout Tower
19:41 Scout Tower
19:42 Scout Tower
19:42 Scout Tower
19:43 Guard Tower
19:43 Guard Tower
19:43 Guard Tower
20:24 Scout Tower
20:24 Scout Tower
20:24 Scout Tower
20:25 Guard Tower
20:25 Guard Tower
20:26 Guard Tower
20:36 Scout Tower
20:36 Scout Tower
20:37 Scout Tower
20:38 Scout Tower
23:30 Guard Tower
23:32 Scout Tower
23:33 Scout Tower
23:34 Scout Tower
23:35 Scout Tower
23:36 Scout Tower
23:36 Scout Tower
23:37 Scout Tower
23:38 Scout Tower
23:39 Scout Tower
23:41 Guard Tower
23:42 Guard Tower
24:45 Guard Tower
24:46 Guard Tower
» items
| Lesser Clarity Potion | 1 | |
| Scroll of Regeneration | 1 | |
| Staff of Teleportation | 3 | |
| Boots of Speed | 3 | |
| Staff of Sanctuary | 3 | |
| Orb of Venom | 3 | |
| Medallion of Courage | 2 | |
| Khadgar's Gem of Health | 1 | |
| Ring of Protection +4 | 1 | |
18 total
Chat log
(18:02 / All) iggy_the_fisk: wow
(18:04 / All) iggy_the_fisk: chimaera too god
(27:01 / All) iggy_the_fisk: hi everyone
(31:03 / All) AlasPoorHoratio: gg